 Dungeon Crawl Stone Soup version 0.31-a0-217-g58bb5d79cf (webtiles) character file.

Game seed: 8970895385417129810

44 CornPuffBuddha the Insei (level 3, 0/28 HPs)
             Began as a Gnoll Transmuter on July 2, 2023.
             Slain by a cerulean imp
             ... wielding a +2 spear
             ... summoned by Natasha
              (1 damage)
             ... on level 2 of the Dungeon.
             The game lasted 00:05:19 (949 turns).

CornPuffBuddha the Insei (Gnoll Transmuter)          Turns: 949, Time: 00:05:20

Health: 0/28       AC:  2    Str: 11    XL:     3   Next: 62%
Magic:  9/9        EV: 13    Int: 12    God:
Gold:   55         SH:  0    Dex: 12    Spells: 11/12 levels left

rFire   . . .        m - +0 short sword
rCold   . . .        (no shield)
rNeg    . . .        a - +0 robe
rPois   .            (helmet currently unavailable)
rElec   .            (no cloak)
rCorr   .            (no gloves)
SInv    .            (boots currently unavailable)
Will    .....        (no amulet)
Stlth   +            h - ring of wizardry
HPRegen 0.24/turn    (no ring)
MPRegen 0.11/turn

%: wizardry (x1)
@: appendages
A: horns 2, talons 2, fangs 1, strong nose, distributed training
a: End Transformation


You were on level 2 of the Dungeon.
You had temporarily grown beastly horns and talons.
You visited 1 branch of the dungeon, and saw 2 of its levels.

You collected 55 gold pieces.

Inventory:

Hand Weapons
 m - a +0 short sword (weapon)
Missiles
 f - 2 throwing nets
Armour
 a - a +0 robe (worn)
Jewellery
 h - a ring of wizardry (left hand)
Scrolls
 c - 2 scrolls of identify {unknown}
 d - a scroll of blinking {unknown}
 e - a scroll of revelation {unknown}
 g - a scroll of fog {unknown}
 i - a scroll of immolation {unknown}
 j - a scroll of amnesia {unknown}
Potions
 b - a potion of lignification
 k - a potion of magic {unknown}
 l - a potion of mutation {unknown}


   Skills:
 + Level 2.6 Fighting
 + Level 0.9 Short Blades
 + Level 0.9 Long Blades
 + Level 0.9 Axes
 + Level 0.9 Maces & Flails
 + Level 0.9 Polearms
 + Level 0.9 Staves
 + Level 0.9 Ranged Weapons
 + Level 0.9 Throwing
 + Level 0.9 Armour
 + Level 4.5 Dodging
 + Level 0.9 Stealth
 + Level 0.9 Shields
 + Level 6.5 Unarmed Combat
 + Level 5.0 Spellcasting
 + Level 0.6 Conjurations
 + Level 0.6 Hexes
 + Level 0.6 Summonings
 + Level 0.6 Necromancy
 + Level 0.6 Translocations
 + Level 3.8 Transmutations
 + Level 0.6 Fire Magic
 + Level 0.6 Ice Magic
 + Level 0.6 Air Magic
 + Level 0.6 Earth Magic
 + Level 0.6 Poison Magic
 + Level 1.0 Invocations
 + Level 0.9 Evocations


You had 11 spell levels left.
You knew the following spells:

 Your Spells              Type           Power      Damage    Failure   Level
a - Beastly Appendage     Tmut           24%        N/A       1%          1

Your spell library contained the following spells:

 Spells                   Type           Power      Damage    Failure   Level
 Wereblood                Tmut           12%        N/A       2%          2
 Spider Form              Tmut/Pois      8%         N/A       10%         3
 Ice Form                 Ice/Tmut       8%         N/A       32%         4


Dungeon Overview and Level Annotations

Branches:
Dungeon (2/15)

Altars:

Shops:
D:1 :

Annotations:
D:2 Natasha


Innate Abilities, Weirdness & Mutations

You have temporarily grown beastly horns and talons.
You have very sharp teeth.
Your uncanny sense of smell can sniff out nearby items.
Your experience applies equally to all skills.


Message History

You grow a pair of large bovine horns.
Your feet morph into talons.
The endoplasm quivers.
Natasha hisses angrily.
Natasha casts a spell.
The endoplasm closely misses you.
You hit the endoplasm but do no damage. The endoplasm hits you.
You hit the endoplasm. You headbutt the endoplasm.
You kill the endoplasm!
Natasha mumbles some strange words.
Natasha stares at you and mumbles some strange words.
The magic dart hits you. The cerulean imp barely misses you.
The cerulean imp closely misses you.
The cerulean imp hits you from afar with a +2 spear.
You closely miss Natasha. You claw Natasha. Your headbutt misses Natasha.
Your bite misses Natasha.
Natasha is moderately wounded.
Natasha claws you! The cerulean imp barely misses you.
You barely miss Natasha. You claw Natasha, but do no damage.
Natasha is moderately wounded.
The cerulean imp closely misses you.
Natasha mumbles some strange words.
An endoplasm comes into view.
The cerulean imp barely misses you.
The endoplasm quivers.
You hit Natasha but do no damage. Your kick misses Natasha.
Natasha is moderately wounded.
The cerulean imp closely misses you. Natasha claws you.
The cerulean imp barely misses you.
You hit Natasha. Your kick misses Natasha. You bite Natasha, but do no damage.
Natasha is heavily wounded.
The cerulean imp barely misses you. Natasha claws you!
* * * LOW HITPOINT WARNING * * *
The cerulean imp closely misses you.
The cerulean imp hits you from afar with a +0 spear.
* * * LOW HITPOINT WARNING * * *
You hit Natasha but do no damage. You claw Natasha. You bite Natasha.
Natasha is almost dead.
The cerulean imp closely misses you. Natasha closely misses you.
The cerulean imp hits you with a +2 spear.
You die...

#############
##.....#.....##
#.............##
......5........#
......h........#
..[...5@.......#
...............#
......5.<......#
...............#
#..J..........##
.......#.....##
#...##########
..##


You could see Natasha, 3 cerulean imps and an endoplasm.

Vanquished Creatures
  A gnoll (D:1)
  A dart slug (D:1)
  2 endoplasms
  3 giant cockroaches (D:1)
  2 hobgoblins (D:1)
  3 jackals (D:1)
  6 kobolds (D:1)
  2 quokkas (D:1)
  2 ball pythons (D:1)
  2 bats (D:1)
  6 goblins (D:1)
30 creatures vanquished.

Notes
Turn   | Place    | Note
-------+----------+-------------------------------------------
     0 | D:1      | CornPuffBuddha the Gnoll Transmuter began the quest for the
                  | Orb.
     0 | D:1      | Reached XP level 1. HP: 17/17 MP: 6/6
   121 | D:1      | Reached XP level 2. HP: 19/23 MP: 7/7
   394 | D:1      | Reached skill level 5 in Spellcasting
   394 | D:1      | Reached XP level 3. HP: 22/28 MP: 6/9
   570 | D:1      | Reached skill level 1 in Invocations
   699 | D:1      | Found Jywne's Book Shoppe.
   936 | D:2      | Noticed Natasha
   948 | D:2      | HP: 1/28 [cerulean imp/+0 spear[Natasha] (2)]
   949 | D:2      | Slain by a cerulean imp

Illustrated notes

Levels and vault maps discovered:
D:1:      dpeg_chamrin_arrival_tetris, layout_basic, serial_shops,
          shop_fountains
D:2:      layout_rooms, serial_undead, serial_undead_c, serial_undead_e,
          serial_undead_c, serial_undead_e, serial_undead_c, uniq_natasha,
          uniq_robin

Skill      XL: |  1  2  3 |
---------------+----------+-----
Spellcasting   | 5 |  5.0
Invocations    | 1 |  1.0
Fighting       | |  2.6
Short Blades   | |  0.9
Long Blades    | |  0.9
Axes           | |  0.9
Maces & Flails | |  0.9
Polearms       | |  0.9
Staves         | |  0.9
Ranged Weapons | |  0.9
Throwing       | |  0.9
Armour         | |  0.9
Dodging        | |  4.5
Stealth        | |  0.9
Shields        | |  0.9
Unarmed Combat | |  6.5
Conjurations   | |  0.6
Hexes          | |  0.6
Summonings     | |  0.6
Necromancy     | |  0.6
Translocations | |  0.6
Transmutations | |  3.8
Fire Magic     | |  0.6
Ice Magic      | |  0.6
Air Magic      | |  0.6
Earth Magic    | |  0.6
Poison Magic   | |  0.6
Evocations     | |  0.9

Action                     || total
---------------------------++-------
  Melee: Unarmed           ||    72
         Kick              ||    12
         Bite              ||     8
         Headbutt          ||    10
         Punch             ||     2
         Short sword       ||     7
   Cast: Beastly Appendage ||     7
 Armour: Robe              ||    10
  Dodge: Dodged            ||    57

Table legend: (Time is in decaauts)
 A = Elapsed time spent in this place.
 B = Non-inter-level travel time spent in this place.
 C = Inter-level travel time spent in this place.
 D = Time resting spent in this place.
 E = Time spent auto-exploring this place.
 F = Levels seen in this place.
 G = Mean time per level.
                   A        B        C        D        E       F      G
               +--------+--------+--------+--------+--------+-----+--------+
         Total |    939 |    925 |     14 |     60 |    645 |   2 |  469.5 |
       Dungeon |    939 |    925 |     14 |     60 |    645 |   2 |  469.5 |
               +--------+--------+--------+--------+--------+-----+--------+

Top non-repeatable levels by time:
     D:1: 926 daAuts
     D:2: 12 daAuts
